 Dungeon Crawl Stone Soup version 0.31-a0-819-gf6de2f5ab6 (webtiles) character file.

Game seed: 1647162977514590064

148 theswoord the Twirler (level 5, 38/38 HPs)
             Began as a Demonspawn Gladiator on Sept 24, 2023.
             Was a Follower of Fedhas.
             Got out of the dungeon alive.
             The game lasted 00:03:35 (2431 turns).

theswoord the Twirler (Demonspawn Gladiator)        Turns: 2431, Time: 00:03:35

Health: 38/38      AC:  4    Str: 17    XL:     5   Next: 8%
Magic:  5/5        EV: 12    Int:  9    God:    Fedhas [*.....]
Gold:   167        SH:  0    Dex: 18    Spells: 4/4 levels left

rFire   . . .        a - +0 quarterstaff
rCold   . . .        (shield currently unavailable)
rNeg    . . .        b - +0 leather armour
rPois   .            c - +0 helmet
rElec   .            (no cloak)
rCorr   .            (no gloves)
SInv    .            (no boots)
Will    .....        (no amulet)
Stlth   +++          (no ring)
HPRegen 0.26/turn    (no ring)
MPRegen 0.09/turn

%: no passive effects
@: no status effects
A: thin skeletal structure 2, spiny 1
a: Renounce Religion


You escaped.
You worshipped Fedhas.
Fedhas was aware of your devotion.
You visited 1 branch of the dungeon, and saw 3 of its levels.

You collected 167 gold pieces.

Inventory:

Hand Weapons
 a - a +0 quarterstaff (weapon)
Missiles
 d - 3 throwing nets (quivered)
 e - a javelin
Armour
 b - a +0 leather armour (worn)
 c - a +0 helmet (worn)
 i - a +0 pair of boots
Jewellery
 h - a ring of protection from cold
 r - a +4 ring of protection
Talismans
 g - a blade talisman
Scrolls
 j - 3 scrolls of identify
Potions
 f - a potion of brilliance {unknown}
 k - a potion of curing
 m - a potion of resistance
 n - a potion of haste
 o - a potion of might {unknown}


   Skills:
 - Level 2.0 Fighting
 + Level 5.3 Staves
 - Level 1.7 Throwing
 - Level 2.6 Dodging


You had 4 spell levels left.
You didn't know any spells.
Your spell library contained the following spells:

 Spells                   Type           Power      Damage    Failure   Level
 Freeze                   Ice            0%         1d3       45%         1
 Volatile Blastmotes      Fire/Tloc      0%         2d10      83%         3
 Fulminant Prism          Conj/Hex       0%         3d5       99%         4
 Iskenderun's Mystic Bla  Conj/Tloc      0%         2d3       99%         4


Dungeon Overview and Level Annotations

Branches:
Dungeon (3/15)

Altars:
Fedhas

Shops:
D:1 *


Innate Abilities, Weirdness & Mutations

You have a moderately thin skeletal structure. (Dex +4, Stealth++)
You are partially covered in sharp spines.


Message History

Options error: Missing colour in message_colour setting: 'Shift\-Dir \- straight line' Options error: Missing colour in message_colour setting: 'f \- you' Options error: Bad colour 'boring' in message_colour setting: 'boring:disappears without a glow' Options error: Bad colour 'boring' in message_colour setting: 'boring:disappears without a sign' Options error: Bad colour 'boring' in message_colour setting: 'boring:disappears into the void' Options error: Bad colour 'boring' in message_colour setting: 'boring:glow with a rainbow of weird colours and disappear' Options error: Bad colour 'boring' in message_colour setting: 'boring:glows slightly and disappears' Options error: Bad colour 'boring' in message_colour setting: 'boring:is slowly consumed by flames' Options error: Bad colour 'boring' in message_colour setting: 'boring:slowly burns to ash' Options error: Bad colour 'boring' in message_colour setting: 'boring:slowly crumbles into the ground' Options error: Bad colour 'boring' in message_colour setting: 'boring:shimmers? and breaks? into pieces' Options error: Bad colour 'boring' in message_colour setting: 'boring:stares at you suspiciously for a moment' Options error: Bad colour 'boring' in message_colour setting: 'boring:trembles before you' Options error: Bad colour 'boring' in message_colour setting: 'boring:You feel mildly nauseous' Options error: Bad colour 'boring' in message_colour setting: 'boring:Multicoloured lights dance around' Welcome back, theswoord the Demonspawn Gladiator.
Fedhas says: Spread life and death.
Unknown command.
Press < or > to pray at altars.
Okay, then.
Search for what [? for help]? exit Can't find anything matching that.
Unknown command.
Press < or > to pray at altars.
There is a blossoming altar of Fedhas here.
There are no items here.
There is a stone staircase leading up here.
You climb upwards.
There is a stone staircase leading down here.
There is a stone staircase leading up here.
You climb upwards.
There is a stone staircase leading down here.
Okay, then.
There is an open door here.
There is an open door here.
There is an escape hatch in the floor here.
You see here a +2 buckler.
There is an open door here.
There is a staircase leading out of the dungeon here.
You have escaped!

##################
#.................
#.################
#.................
#'################
#@................
##################
### #......
######'###.#####
#........#'##
#...........#
#...........#
#...........#
#...........####


There were no monsters in sight!

Vanquished Creatures
  5 gnolls
  2 adders (D:2)
  A worm (D:2)
  A dart slug (D:1)
  An orc (D:3)
  10 ball pythons
  7 endoplasms
  2 giant cockroaches
  11 goblins
  5 hobgoblins
  7 jackals
  5 kobolds
  A quokka (D:1)
  7 bats
  3 frilled lizards
  2 rats
70 creatures vanquished.

Notes
Turn   | Place    | Note
-------+----------+-------------------------------------------
     0 | D:1      | theswoord the Demonspawn Gladiator began the quest for the
                  | Orb.
     0 | D:1      | Reached XP level 1. HP: 16/16 MP: 1/1
   120 | D:1      | Reached skill level 3 in Staves
   236 | D:1      | Gained mutation: You have a somewhat thin skeletal
                  | structure. (Dex +2, Stealth+) [demonic ancestry]
   236 | D:1      | Reached XP level 2. HP: 17/22 MP: 2/2
   355 | D:1      | Found Weusup's General Store.
   474 | D:1      | Gained mutation: You have a moderately thin skeletal
                  | structure. (Dex +4, Stealth++) [demonic ancestry]
   474 | D:1      | Reached XP level 3. HP: 26/27 MP: 3/3
   725 | D:1      | Reached skill level 4 in Staves
  1208 | D:2      | Gained mutation: You are partially covered in sharp spines.
                  | [demonic ancestry]
  1208 | D:2      | Reached XP level 4. HP: 33/33 MP: 4/4
  1589 | D:3      | Reached skill level 5 in Staves
  1811 | D:3      | Reached XP level 5. HP: 38/38 MP: 5/5
  2273 | D:3      | Found a faded altar of an unknown god.
  2294 | D:3      | Got an engraved book
  2295 | D:3      | Prayed at the altar of an unknown god.
  2295 | D:3      | Became a worshipper of Fedhas Madash
  2295 | D:3      | Reached * piety under Fedhas
  2431 | D:$      | Got out of the dungeon alive.

Skill      XL: |  1  2  3  4 |
---------------+-------------+-----
Staves         | 3 4 5 |  5.3
Fighting       | |  2.0
Throwing       | |  1.7
Dodging        | |  2.6

Action                     |  1- 3 |  4- 6 || total
---------------------------+-------+-------++-------
  Melee: Quarterstaff      |   104 |    47 ||   151
    Use: Scroll            |       |     6 ||     6
         Potion            |       |     1 ||     1
   Stab: Sleeping          |    13 |     9 ||    22
 Armour: Leather armour    |    54 |    17 ||    71
  Dodge: Dodged            |    65 |    30 ||    95

Levels and vault maps discovered:
D:1:      wheals_arrival_linesprint, layout_basic, serial_shops, shop
D:2:      layout_loops_cross
D:3:      layout_loops_ring, shapermc_ecumenical_altar_rom_forum,
          nicolae_elevator_lobby_plus
